 Dungeon Crawl Stone Soup version 0.29-a0-359-g541a27f54d (webtiles) character file.

Game seed: 4729902301024073070

32 klau3 the Skirmisher (level 3, -7/40 HPs)
             Began as an Ogre Berserker on Apr 27, 2022.
             Was a Follower of Trog.
             Mangled by a worm (11 damage)
             ... on level 2 of the Dungeon.
             The game lasted 00:02:18 (950 turns).

klau3 the Skirmisher (Ogre Berserker)                Turns: 950, Time: 00:02:19

Health: -7/40      AC:  3    Str: 23    XL:     3   Next: 25%
Magic:  3/3        EV: 10    Int:  8    God:    Trog [*.....]
Gold:   26         SH:  0    Dex:  8    Spells: 2/2 levels left

rFire   . . .      SeeInvis .   a - +0 hand axe
rCold   . . .      Faith    .   (no shield)
rNeg    . . .      Spirit   .   b - +0 animal skin
rPois   .          Reflect  .   (helmet restricted)
rElec   .          Harm     .   (no cloak)
rCorr   .          Rampage  .   (gloves unavailable)
Will    .....                   (boots unavailable)
Stlth   +.........              (no amulet)
HPRegen 0.13/turn               (no ring)
MPRegen 0.08/turn               (no ring)

@: no status effects
A: large, unfitting armour, tough skin 1
a: Renounce Religion, Berserk


You were on level 2 of the Dungeon.
You worshipped Trog.
Trog was aware of your devotion.
You visited 1 branch of the dungeon, and saw 2 of its levels.

You collected 26 gold pieces.

Inventory:

Hand Weapons
 a - a +0 hand axe (weapon)
 f - a +1 dagger of venom
 i - a +0 spear
Armour
 b - a +0 animal skin (worn)
 c - a +0 helmet
Scrolls
 g - a scroll of teleportation {unknown}
 j - a scroll of amnesia {unknown}
Potions
 d - a potion of attraction {unknown}
 e - a potion of curing {unknown}
 h - 2 potions of heal wounds


   Skills:
 + Level 4.7 Fighting
 + Level 3.4 Axes
 + Level 3.0 Dodging


You had 2 spell levels left.
You didn't know any spells.
Your spell library was empty.

Dungeon Overview and Level Annotations

Branches:
Dungeon (2/15)

Altars:


Innate Abilities, Weirdness & Mutations

You are too large for most types of armour.
You have tough skin. (AC +1)


Message History

You hit the worm.
You feel sick. The adder misses you. The adder closely misses you.
You hit the adder but do no damage.
The adder is heavily wounded.
You barely miss the worm.
You feel sick. The adder barely misses you. The worm barely misses you.
You barely miss the adder.
The adder is heavily wounded.
You barely miss the worm.
You feel sick. The adder barely misses you. The worm barely misses you.
The adder misses you.
You barely miss the adder.
The adder is heavily wounded.
You hit the worm.
You feel sick.
You are no longer poisoned.
The adder barely misses you.
You slash the adder!
You kill the adder!
Trog accepts your kill.
You hit the worm. The worm barely misses you.
You have reached level 3!
Your experience leads to an increase in your attributes!
Increase (S)trength, (I)ntelligence, or (D)exterity?
You feel stronger. x3
You hit the worm.
The worm is lightly wounded.
You hit the worm. The worm bites you!
* * * LOW HITPOINT WARNING * * *
The worm barely misses you.
You hit the worm.
The worm is lightly wounded.
You hit the worm. You slash the worm!
The worm is heavily wounded.
You barely miss the worm. The worm bites you.
* * * LOW HITPOINT WARNING * * *
The worm barely misses you.
You hit the worm.
The worm is severely wounded.
You hit the worm. The worm bites you!
You die...

####.# #....#
#.#### #.# #.#
#.# #.# #####
###.####....#.#
#....Kw@.......
#.##..w###.####
#. #..## #
#..## #... ##.$
##.. #.


You could see 2 worms and a kobold.

Vanquished Creatures
  An adder (D:2)
  A ball python (D:1)
  6 bats
  An endoplasm (D:1)
  A hobgoblin (D:1)
  2 quokkas (D:1)
  A frilled lizard (D:1)
  A goblin (D:1)
  5 kobolds (D:1)
  4 rats (D:1)
23 creatures vanquished.

Notes
Turn   | Place    | Note
-------+----------+-------------------------------------------
     0 | D:1      | klau3 the Ogre Berserker began the quest for the Orb.
     0 | D:1      | Reached XP level 1. HP: 24/24 MP: 1/1
   324 | D:1      | Reached XP level 2. HP: 30/32 MP: 2/2
   947 | D:2      | Reached XP level 3. HP: 14/40 MP: 3/3
   950 | D:2      | Mangled by a worm

Illustrated notes

Levels and vault maps discovered:
D:1:      scummos_arrival_hexagon, layout_loops_ring
D:2:      layout_loops_ring, basic_altar, minmay_cupped

Skill      XL: |  1  2 |
---------------+-------+-----
Dodging        | 3 |  3.0
Fighting       | |  4.7
Axes           | |  3.4

Action                   || total
-------------------------++-------
Melee: Hand axe          ||    67
  Use: Scroll            ||     1
Armor: Animal skin       ||    33
Dodge: Dodged            ||    54

Table legend: (Time is in decaauts)
 A = Elapsed time spent in this place.
 B = Non-inter-level travel time spent in this place.
 C = Inter-level travel time spent in this place.
 D = Time resting spent in this place.
 E = Time spent auto-exploring this place.
 F = Levels seen in this place.
 G = Mean time per level.
                   A        B        C        D        E       F      G
               +--------+--------+--------+--------+--------+-----+--------+
         Total |    958 |    843 |    115 |      0 |    649 |   2 |  479.0 |
       Dungeon |    958 |    843 |    115 |      0 |    649 |   2 |  479.0 |
               +--------+--------+--------+--------+--------+-----+--------+

Top non-repeatable levels by time:
     D:1: 925 daAuts
     D:2: 33 daAuts
